 Dungeon Sprint DCSS version 0.22-a0-157-g169b76a (webtiles) character file.

24 esc the Vexing (level 3, -13/24 HPs)
             Began as a Barachi Enchanter on Feb 8, 2018.
             Mangled by an ogre
             ... wielding a +0 giant club
              (17 damage)
             ... in the Dungeon (Sprint I: "Red Sonja").
             The game lasted 00:01:10 (57 turns).

esc the Vexing (Barachi Enchanter)                    Turns: 57, Time: 00:01:11

Health: -13/24     AC:  2    Str: 10    XL:     3   Next: 2%
Magic:  8/8        EV: 12    Int: 15    God:
Gold:   0          SH:  0    Dex: 12    Spells: 8/9 levels left

rFire    . . .     SeeInvis .   a - +1 dagger
rCold    . . .     Gourm    .   (no shield)
rNeg     . . .     Faith    .   b - +0 robe
rPois    .         Spirit   .   (no helmet)
rElec    .         Reflect  .   (no cloak)
rCorr    .         Harm     .   (no gloves)
MR       .....     NoTele   +   (no boots)
Stlth    ++........             (no amulet)
HPRegen  0.08/turn              (no ring)
MPRegen  0.11/turn              (no ring)

@: berserk cooldown, slow
A: +LOS, swims, slowness 1, strong legs 1
a: Hop


You were in the Dungeon.
You were not hungry.

You visited 1 branch

Inventory:

Hand Weapons
 a - a +1 dagger (weapon)
Armour
 b - a +0 robe (worn)
Scrolls
 j - a scroll of blinking {!r}
Potions
 e - a potion of curing
 f - 2 potions of heal wounds
 g - a potion of haste
 h - 2 potions of magic
Books
 c - a book of Maledictions
Comestibles
 d - a ration
 i - 2 chunks of flesh {@w0}


   Skills:
 + Level 3.1 Short Blades
 - Level 2.1 Dodging
 + Level 3.9 Stealth
 + Level 3.5 Spellcasting
 + Level 4.5 Hexes


You had 8 spell levels left.
You knew the following spells:

 Your Spells              Type           Power        Failure   Level  Hunger
v - Corona                Hex            ###....      3%          1    None


Dungeon Overview and Level Annotations

Branches:
Dungeon (1/1)

Altars:


Innate Abilities, Weirdness & Mutations

Shadows flee at your approach. (+LOS)
You can swim through water.
You cover ground slowly.
You can hop short distances.


Message History

Welcome, esc the Barachi Enchanter.
Found a staircase leading out of the dungeon.
You open the door.
Ijyb the Twisted Goblin comes into view.
There is an open door here.
The helpless Ijyb fails to defend herself.
You puncture Ijyb! Ijyb barely misses you.
Really quaff
i - a potion of berserk rage {!q}?
A red film seems to cover your vision as you go berserk!
You feel yourself moving faster!
You feel mighty! Ijyb hits you.
You now have 16/19 hp.
You puncture Ijyb! Ijyb barely misses you.
You hit Ijyb.
You kill Ijyb!
Your Short Blades skill gained 2 levels and is now at level 3!
Your Stealth skill increases to level 3!
Your Spellcasting skill increases to level 3!
Your Hexes skill increases to level 4!
You have reached level 2!
You have reached level 3!
Your experience leads to an increase in your attributes!
Your base attributes are Str 9, Int 15, Dex 12.
Increase (S)trength, (I)ntelligence, or (D)exterity?
You feel stronger.
You regained 15 hp, and now have 31/36 hp.
f - 2 potions of heal wounds (gained 1)
Things that are here:
a leather armour; the goblin corpse of Ijyb You butcher the goblin corpse of Ijyb.
You feel a strong urge to attack something.
i - 2 chunks of flesh {@w0} You see here a leather armour.
You start resting.
You feel your anger nearly subside.
You are no longer berserk.
You are exhausted.
You feel yourself slow down.
You now have 21/24 hp.
You start resting.
Health restored: 24; MP restored: 8 Unknown command.
You start waiting.
You feel yourself speed up.
You open the door.
An ogre comes into view. It is wielding a giant club.
There is an open door here.
The ogre shouts!
The ogre closely misses you.
Okay, then.
You don't know that spell.
The ogre hits you with a giant club!!
Ouch! That really hurt!
* * * LOW HITPOINT WARNING * * *
You take 20 damage, and have 4/24 hp.
MASSIVE DAMAGE!!
The ogre closely misses you. The ogre barely misses you.
The ogre hits you with a giant club.
* * * LOW HITPOINT WARNING * * *
You take 1 damage, and have 4/24 hp.
The ogre hits you with a giant club!
Ouch! That really hurt!
You die...

##########
#<.#.['..#
#..'..#@O+
#..#####+#
#..# #..#
#..# #⌠⌠#
####


You could see an ogre.

Vanquished Creatures
  Ijyb (D)
1 creature vanquished.

Notes
Turn   | Place    | Note
-------+----------+-------------------------------------------
     0 | D        | esc the Barachi Enchanter began the quest for the Orb.
     0 | D        | Reached XP level 1. HP: 13/13 MP: 3/3
     3 | D        | Noticed Ijyb
     8 | D        | Killed Ijyb
     8 | D        | Reached skill level 3 in Short Blades
     8 | D        | Reached skill level 3 in Stealth
     8 | D        | Reached skill level 3 in Spellcasting
     8 | D        | Reached skill level 4 in Hexes
     8 | D        | Reached XP level 2. HP: 19/19 MP: 3/6
     8 | D        | Reached XP level 3. HP: 24/24 MP: 4/8
    50 | D        | Noticed an ogre
    52 | D        | HP: 4/24 [ogre/giant club (20)]
    57 | D        | Mangled by an ogre

Vault maps used:
D:        dungeon_sprint_1

Skill      XL: |  1 |
---------------+----+-----
Short Blades   | 3 |  3.1
Stealth        | 3 |  3.9
Spellcasting   | 3 |  3.5
Hexes          | 4 |  4.5
Dodging        | |  2.1

Action                   || total
-------------------------++-------
Melee: Dagger            ||     3
  Use: Potion            ||     1
 Stab: Sleeping          ||     1
Dodge: Dodged            ||     5

Table legend:
 A = Spawn XP
 B = Non-spawn XP
 C = Spawn XP percentage of total XP
 D = Spawn monster count
 E = Non-spawn monster count
 F = Spawn count percentage of total count
 G = Total turns spent on level
                    A         B        C        D         E        F      G
               +---------+---------+-------+---------+---------+-------+---------
         Total |       0 |      35 |   0.0 |       0 |       1 |   0.0 |    57
               +---------+---------+-------+---------+---------+-------+---------
             D |       0 |      35 |   0.0 |       0 |       1 |   0.0 |    57
               +---------+---------+-------+---------+---------+-------+---------

Vault maps used:
D:        dungeon_sprint_1

Table legend:
 A = Turns spent in this place as a percentage of turns spent in the entire game.
 B = Non-inter-level travel turns spent in this place as a percentage of non-inter-level travel turns spent in the entire game.
 C = Inter-level travel turns spent in this place as a percentage of turns spent in this place.
 D = Turns resting spent in this place as a percentage of non-inter-level travel turns spent in this place.
 E = Turns spent auto-exploring this place as a percentage of non-inter-level travel turns spent in this place.
 F = Non-inter-level travel turns spent in this place divided by the number of levels of this place that you've seen.
                   A       B       C       D       E      F
               +-------+-------+-------+-------+-------+----------------------
         Total | 100.0 | 100.0 |   0.0 |  61.4 |   0.0 |  57.0
       Dungeon | 100.0 | 100.0 |   0.0 |  61.4 |   0.0 |  57.0
               +-------+-------+-------+-------+-------+----------------------

Table legend:
 A = Kills in this place as a percentage of kills in entire the game.
 B = Kills by you in this place as a percentage of kills by you in the entire game.
 C = Kills by friends in this place as a percentage of kills by friends in the entire game.
 D = Other kills in this place as a percentage of other kills in the entire game.
 E = Experience gained in this place as a percentage of experience gained in the entire game.
 F = Experience gained in this place divided by the number of levels of this place that you have seen.
                   A       B       C       D       E      F
               +-------+-------+-------+-------+-------+----------------------
         Total | 100.0 | 100.0 |   N/A |   N/A | 100.0 |  35.0
       Dungeon | 100.0 | 100.0 |   N/A |   N/A | 100.0 |  35.0
               +-------+-------+-------+-------+-------+----------------------
